 Dungeon Crawl Stone Soup version 0.29-a0-362-g5854e031c7 (console) character file.

Game seed: 5483870078345115697

318211 petzl the Warrior (level 22, -24/187 HPs)
             Began as a Formicid Arcane Marksman on Apr 30, 2022.
             Was the Champion of Vehumet.
             Killed from afar by a deep elf sorcerer (32 damage)
             ... with a bolt of acid
             ... on level 3 of the Elven Halls on May 2, 2022.
             The game lasted 08:12:54 (80868 turns).

petzl the Warrior (Formicid Arcane Marksman)       Turns: 80868, Time: 08:12:54

Health: -24/187    AC: 15    Str: 20    XL:     22   Next: 79%
Magic:  35/45      EV: 13    Int: 28    God:    Vehumet [******]
Gold:   2082       SH: 15    Dex: 17    Spells: 1/59 levels left

rFire   + . .      SeeInvis +   e - +5 flail {vorpal, rElec Str+3 Dex+4}
rCold   + + .      Faith    .   r - +2 kite shield {reflect}
rNeg    . . .      Spirit   .   K - +3 leather armour {Will+}
rPois   .          Reflect  +   (helmet unavailable)
rElec   +          Harm     .   l - scarf {rC+ rF+}
rCorr   .          Rampage  .   k - +1 pair of gloves "Sipte" {Regen+ Dex+2}
Will    +++..                   J - +2 pair of boots {Stlth+}
Stlth   +++++.....              h - amulet of regeneration
HPRegen 2.01/turn               s - +4 ring of protection
MPRegen 0.29/turn               B - +6 ring of intelligence

@: lethally poisoned (-24 -> -33)
A: permanent stasis, dig shafts and tunnels, antennae 3, four strong arms, cold
resistance 1, mutation resistance 1, noise suppression
}: 1/15 runes: serpentine
a: Dig, Shaft Self, Renounce Religion


You were on level 3 of the Elven Halls.
You worshipped Vehumet.
Vehumet was exalted by your worship.
You visited 9 branches of the dungeon, and saw 37 of its levels.
You also visited: Bailey, Ice Cave and Volcano.

You collected 4352 gold pieces.
You spent 2270 gold pieces at shops.

Inventory:

Hand Weapons
 a - a +3 quarterstaff of chaos
 b - a +3 hand crossbow of electrocution
 e - the +5 flail "Estoc" (weapon) {vorpal, rElec Str+3 Dex+4}
   (You found it on level 1 of the Lair of Beasts)

   It inflicts extra damage upon your enemies.
   Str:       It affects your strength (+3).
   Dex:       It affects your dexterity (+4).
   rElec:     It insulates you from electricity.
 Q - a +3 flail of protection
Missiles
 f - 2 throwing nets
 A - 38 poisoned darts
 O - 19 curare-tipped darts (quivered) {!*}
Armour
 g - the +1 scale mail of Demons {rF+ Int+3}
   (You bought it in a shop on level 1 of the Elven Halls)

   Int:       It affects your intelligence (+3).
   rF:        It protects you from fire.
 k - the +1 pair of gloves "Sipte" (worn) {Regen+ Dex+2}
   (You bought it in a shop on level 4 of the Snake Pit)

   Dex:       It affects your dexterity (+2).
   Regen:     It increases your rate of health regeneration.
 l - a scarf of resistance (worn)
 r - a +2 kite shield of reflection (worn)
 J - a +2 pair of boots of stealth (worn)
 K - a +3 leather armour of willpower (worn)
Jewellery
 h - an amulet of regeneration (around neck)
 i - a ring of positive energy
 s - a +4 ring of protection (left hand)
 u - the ring "Poaboer" {Ice Will++ Str-5}
   (You found it on level 1 of the Vaults)

   [ring of ice]

   It enhances your ice magic.
   Str:       It affects your strength (-5).
   rF:        It makes you vulnerable to fire.
   rC:        It protects you from cold.
   Will:      It greatly increases your willpower.
 v - a ring of flight
 B - a +6 ring of intelligence (right hand)
 H - a ring of poison resistance
Wands
 c - a wand of digging (11)
 o - a wand of paralysis (4)
 C - a wand of iceblast (20)
 I - a wand of flame (50)
 R - a wand of acid (12)
 T - a wand of mindburst (25)
 W - a wand of charming (3)
 Z - a wand of polymorph (14)
Scrolls
 n - 5 scrolls of fear
 x - 3 scrolls of holy word
 z - a scroll of magic mapping
 E - 5 scrolls of fog
 F - a scroll of summoning
Potions
 d - 2 potions of invisibility
 m - 7 potions of flight
 p - 15 potions of curing
 w - 3 potions of heal wounds
 D - a potion of magic
 M - 5 potions of cancellation
 P - 2 potions of resistance
 V - 8 potions of lignification
 X - a potion of ambrosia
Miscellaneous
 j - a phial of floods
 t - a phantom mirror
 L - a tin of tremorstones (2/2)


   Skills:
 + Level 19.1 Fighting
 - Level 2.0 Short Blades
 - Level 1.4(2.0) Maces & Flails
 - Level 2.0(2.2) Staves
 - Level 4.0 Crossbows
 - Level 3.0 Armour
 - Level 4.0 Dodging
 - Level 10.0 Stealth
 - Level 14.1 Shields
 + Level 19.0 Spellcasting
 + Level 16.1 Conjurations
 - Level 3.6 Hexes
 - Level 3.0 Transmutations
 * Level 13.4 Fire Magic
 - Level 5.3 Ice Magic
 - Level 7.5 Air Magic
 - Level 4.0 Poison Magic
 - Level 4.0 Evocations


You had one spell level left.
You knew the following spells:

 Your Spells              Type           Power      Damage    Failure   Level
a - Slow                  Hex            100%       N/A       1%          1
b - Static Discharge      Conj/Air       75%        N/A       1%          2
d - Freeze                Ice            100%       1d11      1%          1
e - Fireball              Conj/Fire      41%        3d17      1%          5
f - Conjure Flame         Conj/Fire      83%        6-21      0%          3
l - Freezing Cloud        Conj/Ice/Air   34%        6-21      1%          5
m - Ignition              Fire           40%        3d12      21%         8
n - Fire Storm            Conj/Fire      41%        8d11      83%         9
o - Orb of Destruction    Conj           43%        9d12      1%          7
s - Sticky Flame          Conj/Fire      83%        2d9       1%          4
C - Conjure Ball Lightni  Conj/Air       37%        3x3d12    1%          6
I - Ignite Poison         Fire/Tmut/Pois 59%        N/A       1%          3
T - Olgreb's Toxic Radia  Pois           49%        N/A       1%          4

Your spell library contained the following spells:

 Spells                   Type           Power      Damage    Failure   Level
 Lehudib's Crystal Spear  Conj/Erth      32%        10d8      83%         8
 Polar Vortex             Ice            27%        N/A       100%        9
 Foxfire                  Conj/Fire      100%       2x1d9     0%          1
 Sting                    Tmut/Pois      100%       1d8       1%          1
 Animate Skeleton         Necr           52%        N/A       3%          1
 Pain                     Necr           100%       1d9       3%          1
 Summon Small Mammal      Summ           100%       N/A       3%          1
 Scorch                   Fire           100%       2d10      0%          2
 Corpse Rot               Necr/Air       94%        N/A       1%          2
 Ensorcelled Hibernation  Hex/Ice        100%       N/A       1%          2
 Poisonous Vapours        Pois/Air       100%       N/A       1%          2
 Inner Flame              Hex/Fire       65%        N/A       1%          3
 Flame Wave               Conj/Fire      83%        2d14      1%          4
 Iskenderun's Battlesphe  Conj           86%        2d13      1%          5
 Lightning Bolt           Conj/Air       37%        1d56      1%          5
 Passwall                 Tmut/Erth      29%        N/A       2%          2
 Portal Projectile        Hex/Tloc       72%        N/A       4%          3
 Cause Fear               Hex            23%        N/A       7%          4
 Lesser Beckoning         Tloc           26%        N/A       9%          3
 Vampiric Draining        Necr           26%        2d7       9%          3
 Leda's Liquefaction      Hex/Erth       18%        N/A       14%         4
 Alistair's Intoxication  Tmut/Pois      30%        N/A       19%         5
 Lee's Rapid Deconstruct  Erth           13%        3d10*     21%         5
 Eringya's Noxious Bog    Tmut/Pois      23%        N/A       26%         6
 Dispel Undead            Necr           26%        3d13      28%         4
 Borgnjor's Vile Clutch   Necr/Erth      13%        N/A       63%         5
 Manifold Assault         Tloc           26%        N/A       63%         5
 Maxwell's Capacitive Co  Air            31%        ∞         88%         8
 Statue Form              Tmut/Erth      23%        N/A       94%         6
 Death Channel            Necr           13%        N/A       99%         6
 Dragon's Call            Summ           13%        N/A       100%        9
 Swiftness                Air            Unusable   N/A       N/A         3
 Blink                    Tloc           Unusable   N/A       N/A         2

Dungeon Overview and Level Annotations

Branches:
Dungeon (15/15)            Temple (1/1) D:5            Lair (6/6) D:10
  Swamp (0/4) Lair:2        Snake (4/4) Lair:3        Slime (0/5) Lair:6
    Orc (2/2) D:12            Elf (3/3) Orc:2        Vaults (4/5) D:13
  Crypt (1/3) Vaults:3     Depths (1/4) D:15         Bailey (visited)
  IceCv (visited)         Volcano (visited)

Altars:
Ashenzari
Cheibriados
Dithmenos
Elyvilon
Fedhas
Gozag
Hepliaklqana
Kikubaaqudgha
Makhleb
Nemelex Xobeh
Okawaru
Qazlal
Ru
Sif Muna
Trog
Uskayaw
Vehumet
Wu Jian
Xom
Yredelemnul
Zin
The Shining One

Shops:
D:2 (   D:8 [   D:15 [   Orc:2 *:[:   Elf:1 [   Elf:2 *   Snake:2 [=
Snake:4 [[*   Vaults:1 ?   Vaults:2 *   Vaults:3 (

Portals:
Trove: D:14 (show abyssal rune of Zot)

Annotations:
D:12 exclusion: 2 downstairs
D:14 1 runed translucent door
Snake:2 exclusion: 2 downstairs
Elf:2 2 transporters, 3 runed translucent doors
Vaults:1 3 runed translucent doors


Innate Abilities, Weirdness & Mutations

You cannot be hasted, slowed, berserked, paralysed or teleported.
You can dig through walls and to a lower floor.
You have a pair of large antennae on your head. (SInv)
Your four strong arms can wield two-handed weapons with a shield.
Your flesh is cold resistant. (rC+)
You are somewhat resistant to further mutation.
You passively dampen the noise of your surroundings.


Message History

The +4 flail of venom hits you!
* * * LOW HITPOINT WARNING * * *
You are more poisoned.
You block the deep elf knight's attack.
The deep elf zephyrmancer points at you and mumbles some strange words.
The bolt of lightning misses you.
The bolt of lightning misses the +0 trident of pain.
A shaft appears beneath you!
You fall into a shaft and drop 1 floor!
The shaft crumbles and collapses.
Beware, you cannot shaft yourself on this level.
* * * LOW HITPOINT WARNING * * *
You feel extremely sick.
The deep elf sorcerer shouts!
The deep elf demonologist shouts!
The deep elf annihilator shouts!
The deep elf demonologist shouts!
The deep elf death mage shouts!
You block the deep elf elementalist's attack.
The deep elf demonologist casts a spell.
The deep elf demonologist shouts!
The deep elf elementalist shouts!
The deep elf blademaster shouts!
Found a phial of floods.
Unknown command.
Unknown command.
Unknown command.
Okay, then.
Okay, then.
Unknown command.
Unknown command.
Press: ? - help, v - describe, . - travel, g - get item
Here: an Ice Fiend (summoned) Item here: a phial of floods.
The floor.
You feel extremely sick.
The deep elf demonologist shouts!
The deep elf elementalist gestures wildly while chanting.
The deep elf elementalist seems to speed up.
The deep elf demonologist hits you with a +0 long sword!
* * * LOW HITPOINT WARNING * * *
You block the deep elf pyromancer's attack.
The deep elf sorcerer casts a spell at you.
The bolt of acid hits you!!
You die...

#..# .##.#
#...# .......
#....# .......
#....e##......e
#......#...e...
#....e.........
#....e.e.....e.
#.....@e.......
##..e.ee.......
##.......e....
#..1....##...
#....e..## ..
#.......##
#.e....## {
######## { {


You could see a deep elf blademaster, an Ice Fiend (summoned), a deep elf
annihilator, 2 deep elf death magi, a deep elf sorcerer, 2 deep elf
elementalists, 4 deep elf demonologists, a deep elf high priest (wandering) and
a deep elf pyromancer.

Vanquished Creatures
  Bai Suzhen (Snake:3)
  Saint Roka (Vaults:2)
  Jorgrun (D:13)
  A quicksilver dragon (Vaults:2)
  2 sphinxes
  Gastronok (D:8)
  A shadow dragon (Vaults:2)
  Agnes (Snake:1)
  A storm dragon (Vaults:4)
  5 nagarajas (Snake:4)
  A frost giant (Vaults:2)
  2 fire giants
  An iron dragon (Vaults:2)
  A curse skull (Crypt:1)
  8 vault wardens
  Aizul (Snake:3)
  4 ghouls
  2 reapers (IceCv)
  2 war gargoyles (Vaults:2)
  19 ironbound preservers
  7 ironbound thunderhulks
  6 stone giants
  19 very ugly things
  2 entropy weavers
  2 deep elf demonologists (Vaults:2)
  2 vampire knights
  7 dire elephants
  A deep elf death mage (Crypt:1)
  3 jiangshi (Crypt:1)
  5 ettins
  6 yaktaur captains
  3 fire dragons
  7 great orbs of eyes
  A spriggan zombie (Crypt:1)
  13 vault guards
  An ice dragon (Vaults:2)
  6 boulder beetles
  A peacekeeper (Vaults:2)
  2 ogre magi
  3 salamander tyrants
  A rakshasa (D:14)
  5 hydras
  13 naga warriors
  4 anacondas
  11 ironbound frosthearts
  9 centaur warriors
  5 two-headed ogres
  9 dancing weapons
  A hell hog (Volcano)
  2 death knights
  3 vampire magi (Crypt:1)
  4 orc high priests (Orc:2)
  10 shock serpents
  15 naga sharpshooters
  4 deep elf knights (Elf:1)
  2 soul eaters (Crypt:1)
  A hell knight (Vaults:4)
  4 salamander mystics
  A fire crab (Volcano)
  A shadow wraith (Vaults:2)
  6 skeletal warriors
  53 deep trolls
  A lindwurm (shapeshifter) (Elf:2)
  2 glowing orange brains (Vaults:4)
  5 phantasmal warriors
  4 necromancers
  5 naga ritualists
  3 tengu zombies (Vaults:4)
  Pikel (D:4)
  2 obsidian statues
  23 deep elf pyromancers
  11 ironbound convokers
  A spriggan simulacrum (IceCv)
  2 bog bodies
  A swamp dragon (Lair:6)
  7 harpies (Vaults:1)
  15 deep elf zephyrmancers
  6 lindwurms
  6 deep elf archers
  3 wizards (Vaults:4)
  A sphinx zombie (Vaults:4)
  3 mana vipers
  A stone giant zombie (Crypt:1)
  6 manticores
  A wolf spider (shapeshifter) (Vaults:3)
  28 ugly things
  4 orc knights
  A wolf spider (D:15)
  9 cyclopes
  12 salamanders
  4 orc sorcerers
  3 guardian serpents
  24 black mambas
  19 vault sentinels
  18 naga magi
  4 centaur skeletons (D:13)
  A frost giant skeleton (Vaults:4)
  15 elephants
  An elf zombie (Vaults:4)
  2 gargoyles
  2 unseen horrors
  Maggie (D:8)
  A black draconian zombie (Crypt:1)
  A dire elephant skeleton (Crypt:1)
  Psyche (D:11)
  A torpor snail (Lair:2)
  17 cane toads
  3 kobold demonologists (D:11)
  10 komodo dragons
  22 yaktaurs
  5 entropy weaver simulacra (IceCv)
  2 tengu conjurers (D:15)
  2 anaconda simulacra (IceCv)
  An efreet (D:13)
  An ice devil (IceCv)
  12 freezing wraiths
  A guardian mummy (Crypt:1)
  7 trolls
  3 polar bears
  15 slime creatures
  2 dream sheep (Lair:2)
  A radroach zombie (Crypt:1)
  5 blink frogs (Lair:5)
  A raiju (shapeshifter) (Elf:3)
  3 air elementals
  A shadow (D:8)
  A spriggan (Lair:4)
  4 vampires
  6 wyverns
  A black mamba zombie (Crypt:1)
  An ice dragon skeleton (Crypt:1)
  6 water elementals
  3 fire elementals
  7 fire bats (Volcano)
  10 wraiths
  A dire elephant simulacrum (IceCv)
  Grum (D:8)
  7 steam dragons
  4 basilisks
  62 yaks
  4 redbacks
  A golden eye (shapeshifter) (Elf:1)
  15 vampire mosquitoes
  2 elf skeletons (Vaults:4)
  4 minotaur simulacra (IceCv)
  2 harpy simulacra (IceCv)
  3 swamp worms (Lair:2)
  53 nagas
  4 wargs
  4 acid dragons
  A swamp worm (shapeshifter) (Elf:1)
  21 water moccasins
  4 hell hounds
  38 orc warriors
  2 sky beasts
  A floating eye (Vaults:2)
  2 ice beasts (D:10)
  2 black bears
  A black mamba simulacrum (Crypt:1)
  9 ogres
  17 wolves
  3 ettin simulacra
  A centaur (D:9)
  2 lemures (D:4)
  2 phantoms
  2 kobold brigands
  18 bullfrogs
  2 necrophages
  3 deep troll simulacra (IceCv)
  A gnoll sergeant (D:10)
  5 scorpions
  2 earth elementals (Elf:1)
  3 wights (D:8)
  A hornet simulacrum (D:15)
  A yak zombie (Crypt:1)
  A lindwurm simulacrum (IceCv)
  4 killer bees (D:8)
  7 vampire bats (Bailey)
  7 wolf zombies (Bailey)
  2 electric eels
  2 howler monkeys (D:8)
  5 lava snakes (Volcano)
  A jelly (D:5)
  34 orc priests
  3 human zombies (Crypt:1)
  Crazy Yiuf (D:4)
  3 hounds
  2 human skeletons (Crypt:1)
  2 scorpion zombies (Crypt:1)
  5 iguanas
  29 orc wizards
  3 polar bear simulacra (Lair:2)
  4 yak simulacra (Lair:2)
  4 wolf simulacra (Lair:2)
  4 centaur simulacra
  A naga skeleton (Crypt:1)
  4 mummies (Crypt:1)
  Robin (D:2)
  6 gnolls
  8 adders
  A shadow imp (D:6)
  5 white imps
  An ufetubus (D:9)
  3 worms
  A dart slug (D:4)
  74 orcs
  7 ball pythons
  7 bats
  A bat skeleton (Crypt:1)
  6 endoplasms
  6 giant cockroaches
  14 goblins
  8 hobgoblins
  6 jackals (D:1)
  3 quokkas
  3 frilled lizards
  A frilled lizard skeleton (Crypt:1)
  9 kobolds
  22 orc zombies (Bailey)
  5 rats
  A ball lightning (Vaults:2)
  A bush (Lair:5)
1371 creatures vanquished.

Vanquished Creatures (collateral kills)
  9 ball lightnings
9 creatures vanquished.

Vanquished Creatures (others)
  A vault warden (Vaults:4)
  561 ball lightnings
  5 bushes (D:10)
  47 fungi
  105 plants
719 creatures vanquished.

Grand Total: 2099 creatures vanquished

Notes
Turn   | Place    | Note
-------+----------+-------------------------------------------
     0 | D:1      | petzl the Formicid Arcane Marksman began the quest for the
                  | Orb.
     0 | D:1      | Reached XP level 1. HP: 15/15 MP: 2/2
   444 | D:1      | Found a faded altar of an unknown god.
   457 | D:1      | Reached XP level 2. HP: 21/21 MP: 3/3
   553 | D:1      | Reached skill level 1 in Stealth
   727 | D:1      | Reached skill level 1 in Armour
   727 | D:1      | Reached XP level 3. HP: 22/26 MP: 5/5
  1376 | D:2      | Reached XP level 4. HP: 33/33 MP: 4/6
  1530 | D:2      | Found Ocsos's Weapon Emporium.
  1532 | D:2      | Noticed Robin
  1925 | D:2      | Killed Robin
  2056 | D:2      | Bought 2 poisoned darts for 8 gold pieces
  2056 | D:2      | Bought 4 poisoned darts for 17 gold pieces
  2136 | D:2      | Reached XP level 5. HP: 7/38 MP: 6/8
  2137 | D:2      | You fall into a shaft and drop 2 floors!
  2389 | D:4      | Noticed a phantom
  3849 | D:4      | Reached skill level 1 in Short Blades
  4202 | D:5      | Entered Level 5 of the Dungeon
  4226 | D:5      | Noticed a phantom
  4313 | D:4      | Reached XP level 6. HP: 32/46 MP: 7/9
  4535 | D:5      | Noticed Pikel
  4840 | D:4      | Found a runed translucent door.
  4841 | D:4      | Noticed Crazy Yiuf
  5384 | D:4      | Killed Crazy Yiuf
  5639 | D:5      | Found a staircase to the Ecumenical Temple.
  5649 | D:5      | Reached XP level 7. HP: 52/52 MP: 8/10
  5656 | Temple   | Entered the Ecumenical Temple
  5788 | Temple   | Became a worshipper of Vehumet
  5841 | D:5      | Identified the +4 chain mail "Tulonk" {rF++ Int-5 Dex+4}
  6015 | D:4      | Killed Pikel
  6016 | D:4      | Reached XP level 8. HP: 40/60 MP: 9/13
  6271 | D:5      | Found an ancient bone altar of Kikubaaqudgha.
  7275 | D:6      | Reached skill level 5 in Stealth
  7363 | D:6      | Reached XP level 9. HP: 63/67 MP: 13/16
  7366 | D:6      | Learned a level 2 spell: Static Discharge
  7719 | D:7      | Reached skill level 5 in Fighting
  7719 | D:7      | Reached skill level 1 in Evocations
  7764 | D:7      | Reached skill level 5 in Spellcasting
  7764 | D:7      | Reached skill level 1 in Conjurations
  7771 | D:7      | Learned a level 5 spell: Lightning Bolt
  7806 | D:7      | Found a flagged portal.
  7878 | Bailey   | Entered a bailey
  7904 | Bailey   | Reached skill level 1 in Air Magic
  7950 | Bailey   | Reached * piety under Vehumet
  7950 | Bailey   | Offered knowledge of Sandblast by Vehumet.
  9187 | Bailey   | Noticed a gargoyle
  9799 | Bailey   | Offered knowledge of Freeze by Vehumet.
  9802 | Bailey   | Learned a level 1 spell: Freeze
  9850 | Bailey   | Reached ** piety under Vehumet
  9926 | Bailey   | Killed a gargoyle
 10141 | Bailey   | Gained mutation: You are clumsy. (Dex -2) [potion of
                  | mutation]
 10141 | Bailey   | Gained mutation: You have large cloven feet. [potion of
                  | mutation]
 10141 | Bailey   | Gained mutation: You have hoof-like feet. [potion of
                  | mutation]
 10147 | Bailey   | Lost mutation: You are clumsy. (Dex -2) [potion of
                  | mutation]
 10147 | Bailey   | Lost mutation: You have hoof-like feet. [potion of
                  | mutation]
 10147 | Bailey   | Gained mutation: You occasionally shout uncontrollably at
                  | your foes. [potion of mutation]
 10147 | Bailey   | Gained mutation: You have sharp fingernails. [potion of
                  | mutation]
 10148 | Bailey   | Lost mutation: You have sharp fingernails. [potion of
                  | mutation]
 10148 | Bailey   | Lost mutation: You have large cloven feet. [potion of
                  | mutation]
 10148 | Bailey   | Lost mutation: You occasionally shout uncontrollably at
                  | your foes. [potion of mutation]
 10148 | Bailey   | Gained mutation: Your flesh is cold resistant. (rC+)
                  | [potion of mutation]
 10148 | Bailey   | Gained mutation: You are somewhat resistant to further
                  | mutation. [potion of mutation]
 10148 | Bailey   | Gained mutation: You passively dampen the noise of your
                  | surroundings. [potion of mutation]
 10157 | Bailey   | Identified the +1 leather armour "Huuts" {rPois Int+5
                  | Stlth-}
 10242 | Bailey   | Reached XP level 10. HP: 45/76 MP: 12/18
 12289 | D:8      | Found Vusysu's Antique Armour Boutique.
 12566 | D:8      | Noticed Maggie
 12666 | D:8      | Noticed Grum
 13097 | D:9      | Noticed an unseen horror
 13202 | D:8      | Noticed Gastronok
 13312 | D:8      | Found a sparkling altar of Nemelex Xobeh.
 13317 | D:8      | Found a hazy altar of Hepliaklqana.
 13996 | D:7      | Learned a level 5 spell: Fireball
 14004 | D:7      | Learned a level 7 spell: Orb of Destruction
 14217 | D:8      | Reached skill level 1 in Fire Magic
 14279 | D:9      | Found a runed translucent door.
 14291 | D:9      | Killed an unseen horror
 14353 | D:9      | Found a runed translucent door.
 14673 | D:9      | Reached XP level 11. HP: 81/83 MP: 20/20
 14732 | D:8      | Killed Grum
 14732 | D:8      | Offered knowledge of Scorch by Vehumet.
 14733 | D:8      | Reached skill level 5 in Conjurations
 14846 | D:8      | Killed Maggie
 15371 | D:9      | Found a shimmering blue altar of Sif Muna.
 15480 | D:9      | Found a bloodstained altar of Trog.
 15528 | D:9      | Found a runed translucent door.
 15545 | D:9      | Found a runed translucent door.
 15611 | D:9      | Noticed a boulder beetle
 15777 | D:9      | Reached *** piety under Vehumet
 15970 | D:10     | Entered Level 10 of the Dungeon
 15992 | D:10     | Found a staircase to the Lair.
 16566 | D:10     | You fall into a shaft and drop 1 floor!
 16566 | D:11     | Found a transporter.
 16866 | D:12     | Noticed a two-headed ogre
 16878 | D:12     | Killed a two-headed ogre
 16879 | D:12     | Reached skill level 5 in Fire Magic
 16999 | D:12     | Noticed a cyclops
 17376 | D:12     | Noticed a cyclops
 17506 | D:12     | Offered knowledge of Airstrike by Vehumet.
 17637 | D:12     | Found a staircase to the Orcish Mines.
 17766 | D:13     | Noticed a brown ugly thing
 18413 | D:10     | Reached **** piety under Vehumet
 18513 | D:11     | Noticed a two-headed ogre
 18865 | D:10     | Offered knowledge of Irradiate by Vehumet.
 18928 | D:9      | Reached XP level 12. HP: 34/92 MP: 3/23
 19915 | D:10     | Learned a level 6 spell: Conjure Ball Lightning
 19964 | D:10     | Found an ornate altar of the Wu Jian Council.
 20713 | Lair:1   | Entered Level 1 of the Lair of Beasts
 21337 | D:11     | Noticed Psyche
 21599 | D:11     | Reached skill level 10 in Stealth
 21706 | D:11     | Killed a two-headed ogre
 21947 | D:11     | Noticed a boulder beetle
 22407 | D:11     | Killed Psyche
 22408 | D:11     | Reached skill level 5 in Air Magic
 22705 | D:11     | Found a transporter.
 23504 | Lair:1   | Reached XP level 13. HP: 75/100 MP: 6/26
 23838 | Lair:1   | Identified the +5 flail "Estoc" {vorpal, rElec Str+3 Dex+4}
 24150 | Lair:1   | Identified the +2 war axe of Extermination {flame, Will+}
 25033 | Lair:2   | Found a stormy altar of Qazlal.
 26005 | Lair:2   | Found a staircase to the Swamp.
 26272 | Lair:2   | Reached ***** piety under Vehumet
 26349 | Lair:2   | Offered knowledge of Iron Shot by Vehumet.
 26879 | Lair:3   | Learned a level 3 spell: Conjure Flame
 26884 | Lair:3   | Learned a level 4 spell: Sticky Flame
 26920 | Lair:3   | Found a dark tunnel.
 26959 | Volcano  | Entered a volcano
 28068 | Volcano  | Found a bloodstained altar of Trog.
 28092 | Volcano  | Found a radiant altar of Vehumet.
 28119 | Volcano  | Identified the +1 leather armour of Kindness {rF+ rC-
                  | Regen+}
 28280 | Lair:3   | Found a staircase to the Snake Pit.
 28302 | Lair:3   | Noticed a five-headed hydra
 28328 | Lair:3   | Killed a five-headed hydra
 28329 | Lair:3   | Reached skill level 10 in Spellcasting
 28464 | Lair:3   | Identified the +6 chain mail of the Frog {rCorr Dex+3}
 28705 | Lair:3   | Reached skill level 10 in Fighting
 28705 | Lair:3   | Reached skill level 10 in Conjurations
 29271 | Lair:3   | Reached XP level 14. HP: 110/110 MP: 7/28
 31679 | Lair:4   | Found the +3 Mad Mage's Maulers {Infuse+∞ RegenMP Int-3}
 32593 | Lair:5   | Found an ornate altar of the Wu Jian Council.
 34148 | Lair:5   | Found a hide-covered altar of Uskayaw.
 34204 | Lair:6   | Entered Level 6 of the Lair of Beasts
 35651 | Lair:6   | Offered knowledge of Fulminant Prism by Vehumet.
 36505 | Lair:6   | Found a staircase to the Slime Pits.
 36971 | Lair:6   | Reached XP level 15. HP: 120/120 MP: 20/30
 38858 | D:13     | Noticed Jorgrun
 39674 | D:12     | Identified the +4 whip of Charmed True Grit {vorpal, +Blink
                  | rC+ rN++ Int+3}
 39677 | D:12     | Reached XP level 16. HP: 129/129 MP: 21/33
 40216 | D:11     | Identified the +11 short sword "Hanifihae" {freeze, *Noise
                  | rElec rN+++ Dex-4}
 40467 | D:8      | Killed Gastronok
 40713 | Orc:1    | Entered Level 1 of the Orcish Mines
 41268 | Orc:2    | Entered Level 2 of the Orcish Mines
 41693 | Orc:2    | Found a staircase to the Elven Halls.
 42556 | Orc:2    | Offered knowledge of Freezing Cloud by Vehumet.
 42563 | Orc:2    | Learned a level 5 spell: Freezing Cloud
 42885 | Orc:2    | Reached skill level 1 in Ice Magic
 43287 | Orc:2    | Found Zaydduv's Armour Shoppe.
 43287 | Orc:2    | Found Beafuled's Book Shoppe.
 43287 | Orc:2    | Found Wutunlor's Book Emporium.
 43290 | Orc:2    | Found Qialet's Assorted Antiques.
 43301 | Orc:2    | Bought a Young Poisoner's Handbook for 280 gold pieces
 43306 | Orc:2    | Learned a level 4 spell: Olgreb's Toxic Radiance
 43310 | Orc:2    | Learned a level 3 spell: Ignite Poison
 45296 | D:13     | Killed Jorgrun
 45461 | D:13     | Found a gate to the Vaults.
 45633 | D:13     | Reached XP level 17. HP: 139/139 MP: 22/35
 45652 | D:13     | Offered knowledge of Ozocubu's Refrigeration by Vehumet.
 46083 | D:14     | Found a frozen archway.
 46109 | D:15     | Entered Level 15 of the Dungeon
 46114 | D:15     | Reached skill level 15 in Spellcasting
 46143 | IceCv    | Entered an ice cave
 46159 | IceCv    | Reached skill level 5 in Ice Magic
 46633 | IceCv    | Reached skill level 1 in Shields
 47064 | IceCv    | Identified the ring "Kuneigg" {Ice Str+2}
 47618 | D:14     | Found a portal to a secret trove of treasure.
 48943 | D:14     | Found a runed translucent door.
 48985 | D:14     | Reached skill level 5 in Shields
 49840 | D:15     | Offered knowledge of Starburst by Vehumet.
 50028 | D:15     | Found a staircase to the Depths.
 50171 | D:15     | Found Kyigg's Armour Emporium.
 50183 | D:15     | Bought a scarf of resistance for 608 gold pieces
 50760 | Depths:1 | Entered Level 1 of the Depths
 51169 | Snake:1  | Entered Level 1 of the Snake Pit
 51378 | Snake:1  | Reached skill level 1 in Poison Magic
 51461 | Snake:1  | Reached skill level 15 in Fighting
 51585 | Snake:1  | Reached skill level 1 in Transmutations
 52589 | Snake:1  | Noticed Agnes
 52597 | Snake:1  | Killed Agnes
 52797 | Snake:1  | Reached XP level 18. HP: 149/149 MP: 30/37
 53502 | Snake:3  | Offered knowledge of Lee's Rapid Deconstruction by Vehumet.
 54990 | Snake:2  | Found Ceppaseu's Jewellery Shop.
 54992 | Snake:2  | Found Esmi Ush's Antique Armour Boutique.
 55372 | Snake:3  | Noticed Aizul
 56142 | Snake:4  | Entered Level 4 of the Snake Pit
 56181 | Snake:3  | Noticed Bai Suzhen
 56232 | Snake:3  | Killed Aizul
 56580 | Snake:4  | Found Tousm's Antique Armour Boutique.
 56592 | Snake:4  | Bought a pair of distressingly furry gloves for 351 gold
                  | pieces
 56592 | Snake:4  | Identified the +1 pair of gloves "Sipte" {Regen+ Dex+2}
                  | (You bought it in a shop on level 4 of the Snake Pit)
 57255 | Snake:3  | Killed Bai Suzhen
 58057 | Snake:4  | Found Kaysoylo's Assorted Antiques.
 58106 | Snake:4  | Offered knowledge of Ignition by Vehumet.
 58555 | Snake:4  | Found Xearchau's Armour Shop.
 59234 | Snake:4  | Reached XP level 19. HP: 90/157 MP: 21/39
 59922 | Snake:4  | Got a serpentine rune of Zot
 60169 | Lair:3   | Learned a level 8 spell: Ignition
 60358 | Vaults:1 | Entered Level 1 of the Vaults
 60570 | Vaults:1 | Found Deulibuch's Magic Scroll Shop.
 60636 | Vaults:1 | Found a runed translucent gate.
 60636 | Vaults:1 | Found a runed translucent gate.
 60636 | Vaults:1 | Found a runed translucent gate.
 60637 | Vaults:1 | Noticed a tentacled monstrosity
 61488 | Vaults:1 | Identified the ring "Poaboer" {Ice Will++ Str-5}
 62641 | Vaults:1 | Reached skill level 10 in Shields
 63706 | Vaults:1 | Reached XP level 20. HP: 167/167 MP: 27/41
 64252 | Vaults:1 | Noticed a tentacled monstrosity
 64322 | Vaults:2 | Reached skill level 10 in Fire Magic
 64517 | Vaults:2 | Found Ereown's General Store.
 64526 | Vaults:2 | Got the Incunabulum of the Blaze and Illusion
 64929 | Vaults:3 | Found Jejaple's Weapon Shoppe.
 66099 | Vaults:2 | Noticed Saint Roka
 66879 | Vaults:2 | Killed Saint Roka
 68457 | Vaults:2 | Reached ****** piety under Vehumet
 68730 | Vaults:2 | Reached XP level 21. HP: 139/176 MP: 17/42
 68762 | Vaults:2 | You fall into a shaft and drop 1 floor!
 69062 | Vaults:2 | Identified the ring of the Dancing Pariah {*Slow rElec
                  | rPois rF+}
 69181 | Vaults:2 | Offered knowledge of Lehudib's Crystal Spear by Vehumet.
 69181 | Vaults:2 | Offered knowledge of Fire Storm by Vehumet.
 69181 | Vaults:2 | Offered knowledge of Polar Vortex by Vehumet.
 69454 | Vaults:2 | Identified the +11 chain mail of Truth {-Tele rF+ Will++}
 69997 | Vaults:2 | Reached skill level 15 in Conjurations
 71154 | Vaults:3 | Found a staircase to the Crypt.
 71223 | Crypt:1  | Entered Level 1 of the Crypt
 75545 | Vaults:4 | Reached XP level 22. HP: 185/185 MP: 10/44
 78093 | Crypt:1  | Identified the +0 leather armour "Otanlous" {Regen+ Str+4}
 78510 | D:11     | Learned a level 9 spell: Fire Storm
 78574 | Elf:1    | Entered Level 1 of the Elven Halls
 79070 | Elf:1    | Reached skill level 1 in Maces & Flails
 79156 | Elf:1    | Found Coiw's Antique Armour Shop.
 79562 | Elf:1    | Bought a dazzling scale mail for 297 gold pieces
 79562 | Elf:1    | Identified the +1 scale mail of Demons {rF+ Int+3} (You
                  | bought it in a shop on level 1 of the Elven Halls)
 79562 | Elf:1    | Bought a jet-encrusted scale mail for 297 gold pieces
 79562 | Elf:1    | Identified the +2 scale mail of Uskayaw {-Cast Regen+ Dex+8
                  | Slay+4} (You bought it in a shop on level 1 of the Elven
                  | Halls)
 79688 | Elf:2    | Found Plog's Assorted Antiques.
 79721 | Elf:2    | Found a transporter.
 79722 | Elf:2    | Bought a shiny onyx ring for 165 gold pieces
 79722 | Elf:2    | Bought a scroll of magic mapping for 115 gold pieces
 79722 | Elf:2    | Bought a wand of iceblast (7) for 132 gold pieces
 79827 | Elf:2    | Found a transporter.
 79869 | Elf:3    | Entered Level 3 of the Elven Halls
 80622 | Elf:1    | Found a runed translucent door.
 80858 | Elf:2    | Found a runed translucent gate.
 80858 | Elf:2    | Found a runed translucent gate.
 80858 | Elf:2    | Found a runed translucent gate.
 80867 | Elf:2    | You fall into a shaft and drop 1 floor!
 80868 | Elf:3    | HP: 8/187 [deep elf demonologist/+0 long sword (9)]
 80868 | Elf:3    | Killed from afar by a deep elf sorcerer

Illustrated notes

Levels and vault maps discovered:
D:1:      minmay_arrival_nine_rooms, layout_basic, basic_ecumenical_altar,
          minmay_misc_feat_room, minmay_bisected
D:2:      layout_basic, serial_shops, nicolae_shop_advertising_works
          [nicolae_subvault_shop_adworks], uniq_robin
D:3:      layout_rooms, eino_tiny_chamber, feat_on_display
D:4:      layout_cave_pools, gup_sewer_entry_glass, uniq_crazy_yiuf_cottage
D:5:      layout_rooms, nicolae_overflow_crystal_walls, temple_doors_e,
          uniq_pikel
D:6:      kennysheep_six_static_rooms, layout_basic
D:7:      layout_basic, enter_bailey_5
D:8:      layout_loops_ring, mainiacjoe_overflow_big_doors, serial_shops,
          shop_coins, chequers_garden, uniq_grum, uniq_maggie, uniq_gastronok
D:9:      layout_rooms, mainiacjoe_overflow_surrounded_room, lemuel_round_altar,
          minmay_statue_crystal_thing
D:10:     layout_loops_ring, lemuel_coloured_pillars_altar,
          minmay_lair_entry_grove, serial_ice, serial_ice_g, serial_ice_b,
          serial_ice_d, serial_ice_n, serial_ice_l, serial_ice_e,
          kennysheep_small_circle
D:11:     gammafunk_wand_slinger, layout_stronghold, uniq_psyche
D:12:     layout_irregular_city, david_orc_2
D:13:     layout_gridville, hangedman_vaults_entry_quadrant_bands, special_room
          [special_room_orc], uniq_jorgrun
D:14:     layout_loops_ring, nicolae_trove_entry_crystal,
          portal_ice_cave_entry_pillars_1, nicolae_danse_macabre
D:15:     grunt_enter_depths_hoard, layout_cave_pools, serial_shops, shop,
          roderic_serpentine_path
Temple:   nicolae_temple_elliptical
Lair:1:   layout_chaotic_city
Lair:2:   layout_cellular_growth, nicolae_swamp_entry_splash_gauntlet,
          basic_altar, gauntlet_entry_generic, st_stairs_7, minivault_27,
          minivault_24, eino_house_with_fridge, infiniplex_staircase_pool_2,
          serial_bayou_shore_b
Lair:3:   layout_regular_city, guppyfry_snake_entry_garden, enter_volcano_3,
          bh_autumn_forest_stairs
Lair:4:   layout_regular_city, chequers_serial_rivers_micro_e, wad_woods_03
Lair:5:   layout_hall_layers, st_stairs_9, nzn_masters_of_martial_movement
Lair:6:   guppyfry_lair_end_dragon, layout_misc_corridors,
          dpeg_slime_entry_corner, infiniplex_staircase_pool
Snake:1:  layout_basic, grunt_megastairs_1, uniq_agnes
Snake:2:  layout_onion_interference, minmay_shoptagon
Snake:3:  layout_basic, uniq_bai_suzhen, uniq_aizul
Snake:4:  snake_pit, layout_chambers, serial_shops, nicolae_shop_stone,
          nicolae_square_shop, nicolae_shop_crystal
Orc:1:    layout_caves
Orc:2:    st_orc_mages, layout_caves
Elf:1:    eino_elf_arrival_shootout, layout_loops_cross, serial_shops,
          nicolae_shop_statue_plus, minivault_28, minivault_13
Elf:2:    nicolae_elf_blades_splatter_lattice
          [nicolae_blade_entry_crossed_weapons], layout_gridlike, serial_shops,
          nicolae_stop_n_shop_1, eino_tiny_chamber, grunt_ministairs_6,
          serial_nicolae_subway, nicolae_sub_station_crystal,
          nicolae_sub_station_stone, nicolae_sub_station_metal
Elf:3:    elf_hall, layout_gridlike, serial_shops, shop
Vaults:1: ploomutoo_gammafunk_ghost_potion_laboratory, ontoclasm_vaults_pinch,
          v_misc_10, hangedman_vaults_locks, v_pattern_2, st_lines,
          nicolae_vaults_alarming, nicolae_vaults_what_the_h,
          hangedman_vaults_cutoff, nicolae_vaults_little_squares_4,
          nicolae_vaults_little_squares_2, nicolae_vaults_rhombus_6,
          vaults_dpeg_encased_lava, layout_vaults_chaotic_city, serial_shops,
          shop
Vaults:2: st_greater_box_4, nicolae_vaults_inception_statues, v_misc_2,
          hangedman_vaults_hat, v_misc_12, vaults_dpeg_hooks,
          ontoclasm_vaults_idyll, ontoclasm_vaults_ring_small,
          layout_vaults_omnigrid, serial_shops, nicolae_shop_behind_doors,
          uniq_saint_roka
Vaults:3: grunt_vaults_focal, vaults_standard_mumra_enter_the_diamond, st_cells,
          minmay_crypt_entry_vampire_xt, ontoclasm_vaults_loading_screen,
          nicolae_vaults_ninety_degrees, hangedman_vaults_impose,
          vaults_dpeg_diagonal, nicolae_vaults_rhombus_6,
          nicolae_vaults_ring_of_whatevers, ontoclasm_vaults_idyll,
          layout_vaults_ring, serial_shops, shop
Vaults:4: vaults_room_octagon, v_misc_2, nicolae_vaults_asterisk, serial_ice_m,
          v_pattern_1, v_misc_15, hangedman_vaults_river_flow,
          vaults_standard_mumra_enter_the_diamond, st_lattice, v_rooms_4,
          v_alt_pattern_4, vaults_room_door_ring,
          nicolae_vaults_network_quincunx
          [nicolae_vaults_network_quincunx_subvault,
          nicolae_vaults_network_quincunx_subvault,
          nicolae_vaults_network_quincunx_subvault,
          nicolae_vaults_network_quincunx_subvault,
          nicolae_vaults_network_quincunx_subvault], layout_vaults_omnibox
Crypt:1:  layout_gridlike, st_stairs_2, minmay_misc_feat_columns,
          grunt_crypt_arrival_guarded_gate, grunt_megastairs_2
Depths:1: layout_honeycomb, minmay_hedge_maze, grunt_hell_entry_demonic_statue,
          serial_shops, nicolae_shop_stone, lemuel_old_faithful,
          serial_bayou_shore_a

Skill      XL: |  1  2  3  4  5  6  7  8  9 10 11 12 13 14 15 16 17 18 19 20 21 22 |
---------------+-------------------------------------------------------------------+-----
Stealth        | 1 2 3 4 5 7 8 9 10 | 10.0
Armour         | 1 2 3 |  3.0
Dodging        | 2 3 4 |  4.0
Fighting       | 2 3 4 5 6 7 8 10 11 12 14 15 16 17 18 19 | 19.1
Spellcasting   | 2 3 4 5 6 7 9 10 11 13 14 15 16 17 18 19 | 19.0
Short Blades   | 1 2 |  2.0
Crossbows      | 3 4 |  4.0
Staves         | 2 |  2.0
Evocations     | 3 4 |  4.0
Conjurations   | 2 4 6 8 10 12 13 14 15 16 | 16.1
Air Magic      | 2 3 5 7 |  7.5
Fire Magic     | 2 5 6 8 9 11 12 13 | 13.4
Ice Magic      | 4 5 |  5.3
Shields        | 6 9 10 12 13 14 | 14.1
Poison Magic   | 2 4 |  4.0
Transmutations | 1 3 |  3.0
Maces & Flails | 1 |  1.4
Hexes          | |  3.6

Action                   |  1- 3 |  4- 6 |  7- 9 | 10-12 | 13-15 | 16-18 | 19-21 | 22-24 || total
-------------------------+-------+-------+-------+-------+-------+-------+-------+-------++-------
Melee: Short sword       |       |   113 |     2 |     1 |       |       |       |       ||   116
       Quarterstaff      |       |       |   147 |   316 |    83 |    37 |     7 |     5 ||   595
       Punch             |       |       |     2 |     1 |     2 |       |       |       ||     5
       Falchion          |       |       |       |     1 |       |       |       |       ||     1
       Flail             |       |       |       |       |    13 |    45 |    56 |    19 ||   133
 Fire: Hand crossbow     |   102 |   120 |   265 |   176 |    27 |   217 |   114 |    14 ||  1035
Throw: Dart              |       |    22 |     7 |    10 |       |     1 |     5 |       ||    45
 Cast: Slow              |     3 |    41 |    73 |   111 |     7 |       |       |       ||   235
       Static Discharge  |       |       |     5 |    60 |    16 |       |     1 |       ||    82
       Freeze            |       |       |       |     1 |       |       |       |       ||     1
       Fireball          |       |       |       |   118 |   189 |   172 |    85 |    31 ||   595
       Conjure Ball Ligh |       |       |       |     1 |    90 |    42 |    68 |    25 ||   226
       Conjure Flame     |       |       |       |       |    15 |       |     1 |       ||    16
       Sticky Flame      |       |       |       |       |    13 |    28 |    18 |     9 ||    68
       Lightning Bolt    |       |       |       |       |     1 |       |       |       ||     1
       Orb of Destructio |       |       |       |       |    37 |   148 |   288 |   112 ||   585
       Freezing Cloud    |       |       |       |       |       |   133 |   113 |    25 ||   271
       Ignite Poison     |       |       |       |       |       |     3 |    15 |       ||    18
       Olgreb's Toxic Ra |       |       |       |       |       |     3 |     9 |       ||    12
       Ignition          |       |       |       |       |       |       |     1 |     4 ||     5
 Abil: Dig               |       |       |       |     4 |     1 |     6 |       |     1 ||    12
       Shaft Self        |       |       |       |     1 |       |       |     1 |     1 ||     3
Evoke: Wand              |       |       |     5 |     7 |     2 |    13 |     5 |       ||    32
       Tin of tremorston |       |       |       |     2 |     1 |       |       |       ||     3
       Phial of floods   |       |       |       |       |     1 |     1 |       |     1 ||     3
  Use: Scroll            |       |     4 |     3 |     8 |    12 |     3 |     3 |     2 ||    35
       Potion            |       |     1 |    11 |     1 |     2 |     1 |       |     1 ||    17
 Stab: Sleeping          |       |       |     1 |     1 |     3 |     1 |       |       ||     6
       Confused          |       |       |     1 |       |       |       |       |       ||     1
       Distracted        |       |       |       |     1 |       |       |       |     1 ||     2
       Petrified         |       |       |       |     2 |       |       |       |       ||     2
       Petrifying        |       |       |       |     1 |       |       |       |       ||     1
       Paralysed         |       |       |       |       |       |     1 |       |       ||     1
Armor: Robe              |    19 |    13 |       |       |       |       |       |       ||    32
       Leather armour    |       |    14 |    83 |   224 |    93 |   119 |    57 |    21 ||   611
       Skin              |       |       |       |     4 |       |       |       |       ||     4
Dodge: Dodged            |    27 |    77 |   128 |   343 |   142 |   137 |    91 |    41 ||   986
Block: Other             |       |       |       |     1 |    58 |    39 |       |       ||    98
       Reflection        |       |       |       |       |       |    35 |    49 |     8 ||    92
       Buckler           |       |       |       |       |       |   114 |   123 |    36 ||   273
       Kite shield       |       |       |       |       |       |       |       |    38 ||    38

Table legend: (Time is in decaauts)
 A = Elapsed time spent in this place.
 B = Non-inter-level travel time spent in this place.
 C = Inter-level travel time spent in this place.
 D = Time resting spent in this place.
 E = Time spent auto-exploring this place.
 F = Levels seen in this place.
 G = Mean time per level.
                   A        B        C        D        E       F      G
               +--------+--------+--------+--------+--------+-----+--------+
         Total |  81418 |  76613 |   4805 |  38191 |  13199 |  40 | 2035.4 |
       Dungeon |  29109 |  26564 |   2545 |  12472 |   5381 |  15 | 1940.6 |
        Temple |    153 |    132 |     21 |      0 |    114 |   1 |  153.0 |
          Lair |  14020 |  13160 |    860 |   6526 |   2707 |   6 | 2336.7 |
     Snake Pit |   9049 |   8683 |    366 |   4303 |   1738 |   4 | 2262.2 |
  Orcish Mines |   3588 |   3406 |    182 |   1834 |    282 |   2 | 1794.0 |
   Elven Halls |   2168 |   2109 |     59 |   1043 |    369 |   3 |  722.7 |
        Vaults |  16705 |  15953 |    752 |   8453 |   2501 |   4 | 4176.2 |
         Crypt |   1257 |   1239 |     18 |    643 |    107 |   1 | 1257.0 |
        Depths |    144 |    144 |      0 |      0 |      0 |   1 |  144.0 |
        Bailey |   2652 |   2652 |      0 |   1257 |      0 |   1 | 2652.0 |
      Ice Cave |   1378 |   1378 |      0 |    858 |      0 |   1 | 1378.0 |
       Volcano |   1189 |   1189 |      0 |    800 |      0 |   1 | 1189.0 |
               +--------+--------+--------+--------+--------+-----+--------+

Top non-repeatable levels by time:
Vaults:2: 5250 daAuts
Vaults:1: 4516 daAuts
Vaults:4: 4117 daAuts
    D:11: 3181 daAuts
  Lair:5: 3059 daAuts
  Lair:3: 2983 daAuts
Vaults:3: 2821 daAuts
 Snake:1: 2810 daAuts
 Snake:4: 2764 daAuts
    D:10: 2763 daAuts
     D:8: 2760 daAuts
  Lair:2: 2663 daAuts
  Bailey: 2652 daAuts
    D:12: 2473 daAuts
    D:14: 2231 daAuts
